Map: Prion Terraces

Players

TacticalOneA

  • Race: Terran Terran
  • League: Master

Miszu - Winner!

  • Race: Terran Terran
  • League: Grandmaster

VOD

Have the link to the VOD?

Description

Time

  • Played on: Feb. 14, 2016, 5:27 p.m.
  • Length: 10:44
Show
View Real Time Build Order
Export as new Build Order

TacticalOneA Terran 

Build Orders: Bio Tank 

Get SALT Encoding   

  12  0:00  SCV  
  13  0:13  SCV  
  14  0:17  Supply Depot  
  14  0:25  SCV  
  15  0:39  SCV  
  15  0:42  Barracks  
  16  0:47  Refinery  
  16  0:51  SCV  
  17  1:03  SCV  
  18  1:15  SCV  
  19  1:29  Orbital Command  
  19  1:33  Barracks Reactor  
  19  1:40  Command Center  
  19  1:52  Supply Depot  
  19  1:54  SCV  
  20  2:06  SCV  
  21  2:09  Marine  
  21  2:10  Marine  
  21  2:13  Factory  
  23  2:18  Refinery  
  23  2:20  SCV  
  24  2:27  Marine x2  
  26  2:32  SCV  
  27  2:44  SCV  
  28  2:56  Marine x2  
  28  2:57  Factory Tech Lab  
  30  2:59  Starport  
  30  3:00  Supply Depot  
  30  3:01  SCV  
  30  3:03  Orbital Command  
  31  3:14  Marine x2  
  31  3:18  Siege Tank  
  36  3:26  SCV  
  37  3:29  Supply Depot  
  37  3:31  SCV  
  38  3:38  Engineering Bay, SCV  
  38  3:40  Medivac  
  41  3:43  Marine x2  
  41  3:47  SCV  
  44  3:50  SCV  
  45  3:56  Siege Tank  
  45  4:00  Marine  
  45  4:01  Marine  
  50  4:09  Supply Depot  
  50  4:15  Medivac  
  50  4:16  Supply Depot, SCV x2  
  54  4:24  Missile Turret  
  54  4:25  Refinery  
  54  4:27  Refinery  
  54  4:28  SCV x2  
  54  4:29  Marine x2  
  58  4:36  Barracks x2  
  58  4:40  SCV  
  58  4:43  SCV  
  55  5:01  SCV x2  
  53  5:14  Marine x2  
  53  5:15  Siege Tank  
  53  5:16  Starport Reactor  
  53  5:18  SCV x2  
  54  5:30  SCV x2  
  55  5:44  Marine x2  
  55  5:45  Barracks Tech Lab x2  
  55  5:46  SCV x2  
  55  5:48  Siege Tank  
  61  5:58  SCV x2  
  62  6:05  Marine x3, Missile Turret  
  62  6:10  SCV x2  
  67  6:18  Marine  
  67  6:22  SCV x2  
  67  6:23  Marine x2  
  67  6:24  Medivac  
  74  6:26  Medivac  
  76  6:34  SCV x2  
  76  6:39  Combat Shields  
  78  6:40  Stimpack  
  78  6:53  Supply Depot x3  
  78  7:14  Marine x2, SCV x2  
  82  7:15  Marine  
  82  7:16  Marine  
  82  7:17  Medivac x2, Siege Tank  
  91  7:26  SCV x2  
  91  7:29  Missile Turret  
  92  7:30  Missile Turret  
  92  7:32  Marine x2  
  94  7:42  SCV x2  
  93  7:57  SCV  
  93  7:58  SCV  
  95  8:03  Marine x4  
  95  8:04  Medivac x2, Siege Tank  
  99  8:23  Marine x3  
  97  8:34  Medivac x2  
  97  8:36  Siege Tank  
  97  8:38  Marine  
  97  8:39  SCV x2  
  97  8:41  Marine x3  
  88  8:55  Marine  
  88  8:59  Marine x2, Orbital Command  
  89  9:04  Medivac x2  
  89  9:08  Siege Tank  
  96  9:25  Marine x4  
  91  9:38  Medivac x2  
  82  9:39  SCV x2  
  82  9:42  Marine  
  82  9:43  Marine x3  
  88  9:55  SCV x2  
  90  10:00  Marine x3  
  90  10:05  Marine  
  90  10:06  Siege Tank  
  97  10:12  Refinery, Medivac x2  
  97  10:13  Refinery  
  101  10:17  Barracks  
  101  10:18  Marine x3, Barracks  
  104  10:22  Marine  
Show
View Real Time Build Order
Export as new Build Order

Miszu Terran - Winner!

Build Orders: MMM Bio 

Get SALT Encoding   

  12  0:01  SCV  
  13  0:13  SCV  
  14  0:18  Supply Depot  
  14  0:25  SCV  
  15  0:39  SCV  
  15  0:42  Barracks  
  16  0:44  Refinery  
  16  0:52  SCV  
  17  1:09  SCV  
  18  1:21  SCV  
  19  1:32  Barracks Reactor  
  19  1:33  Orbital Command  
  19  1:44  Command Center  
  19  1:50  Supply Depot  
  19  1:59  SCV  
  20  2:12  SCV  
  20  2:15  Marine  
  22  2:19  Factory  
  22  2:24  SCV  
  23  2:30  Marine  
  23  2:33  Marine  
  23  2:36  SCV  
  26  2:39  Refinery  
  25  2:48  SCV  
  25  2:49  Marine  
  25  2:51  Marine  
  29  2:58  Orbital Command  
  29  3:00  SCV  
  29  3:06  Factory Tech Lab  
  29  3:07  Starport  
  29  3:08  Marine x2  
  31  3:12  SCV  
  32  3:25  Marine, SCV x2  
  32  3:26  Marine  
  36  3:28  Widow Mine  
  38  3:37  SCV x2  
  38  3:39  Supply Depot  
  40  3:43  Marine, Medivac  
  40  3:44  Marine  
  44  3:49  SCV x2  
  46  4:01  Marine, Siege Tank, SCV x2  
  46  4:02  Supply Depot  
  52  4:05  Supply Depot  
  52  4:13  SCV x2  
  54  4:25  SCV  
  54  4:26  SCV  
  54  4:29  Command Center  
  56  4:34  Refinery  
  56  4:35  Refinery  
  56  4:37  SCV  
  56  4:38  Siege Tank  
  60  4:40  SCV  
  61  4:49  SCV  
  61  4:52  SCV  
  60  4:59  Marine  
  59  5:00  Marine  
  59  5:01  SCV  
  59  5:04  SCV  
  61  5:12  Viking  
  61  5:13  SCV  
  64  5:16  SCV  
  64  5:17  Marine  
  64  5:18  Marine, Barracks  
  64  5:19  Barracks  
  70  5:21  Siege Tank  
  70  5:41  Marine x2, SCV x2  
  73  5:46  Orbital Command  
  73  5:53  SCV x2  
  74  5:58  Marine x2  
  70  6:05  SCV x2  
  72  6:12  Barracks Tech Lab x2  
  72  6:13  Barracks, Orbital Command  
  72  6:16  Marine x2, Barracks  
  72  6:17  SCV  
  78  6:18  Starport Reactor, Siege Tank  
  78  6:20  SCV  
  79  6:25  Engineering Bay  
  79  6:28  Engineering Bay  
  79  6:29  SCV  
  79  6:31  Marine  
  79  6:32  Marine, Stimpack, Combat Shields  
  82  6:34  Marine x2  
  82  6:39  SCV  
  85  6:47  SCV  
  85  6:48  Supply Depot x2  
  85  6:49  Marine  
  85  6:51  Marauder  
  85  6:52  Marine x2  
  91  6:54  Medivac  
  91  6:55  Medivac  
  95  7:02  Barracks Reactor  
  95  7:03  Barracks Reactor  
  95  7:05  Terran Infantry Weapons Level 1, Terran Infantry Armor Level 1  
  95  7:08  Marauder  
  97  7:10  Marine x2  
  97  7:11  Sensor Tower  
  97  7:12  Refinery  
  97  7:13  SCV  
  97  7:14  Refinery, SCV  
  101  7:17  SCV  
  101  7:21  Marauder  
  104  7:25  SCV  
  104  7:26  SCV  
  104  7:28  Marine  
  104  7:29  SCV  
  108  7:43  Marine  
  109  7:44  Marine  
  109  7:46  Marine  
  109  7:47  Marauder  
  113  7:58  Marine x2  
  115  7:59  Marauder  
  117  8:08  Marine  
  117  8:09  Marine  
  117  8:12  SCV x2  
  109  8:25  Marine  
  109  8:26  Marine x6  
  114  8:27  Marine  
  106  8:43  Marine x2  
  106  8:44  Marine x5  
  106  8:45  Marine  
  114  8:57  Siege Tank  
  117  9:12  Marine x6  
  117  9:13  Supply Depot, SCV x2  
  117  9:14  Supply Depot  
  117  9:16  Supply Depot  
  125  9:20  Armory  
  125  9:23  Medivac, SCV  
  125  9:24  Marine x2  
  125  9:25  Medivac, SCV  
  125  9:30  Marine x6  
  120  9:37  Siege Tank  
  117  9:41  Marine  
  117  9:42  Marine  
  117  9:43  Sensor Tower  
  117  9:45  Command Center  
  119  9:48  Marine x6  
  122  9:53  Medivac  
  122  9:55  Medivac  
  122  9:59  Marine  
  127  10:00  Marine  
  127  10:06  Marine x2  
  127  10:07  Supply Depot x2  
  130  10:09  Marine, Siege Tank  
  130  10:14  Marine  
  135  10:17  Marine x3  
  138  10:25  Marine x2  
Tags
 
Add a new tag
Caveats
  • Supply blocks, unpowered buildings, or Contaminate may cause inaccurate times.
  • Supply counts are checked every 10 seconds.